 Dungeon Crawl Stone Soup version 0.29-a0-251-g80730f7218 (webtiles) character file.

Game seed: 17136097494062562371

291 jfcaron the Bolt Thrower (level 6, -2/57 HPs)
             Began as a Kobold Hunter on Mar 6, 2022.
             Slain by an ogre
             ... wielding a +0 giant club
              (12 damage)
             ... on level 5 of the Dungeon.
             The game lasted 00:07:43 (4600 turns).

jfcaron the Bolt Thrower (Kobold Hunter)            Turns: 4600, Time: 00:07:44

Health: -2/57      AC: 23    Str: 11    XL:     6   Next: 58%
Magic:  6/6        EV:  3    Int: 13    God:
Gold:   199        SH:  0    Dex: 15    Spells: 5/5 levels left

rFire   . . .      SeeInvis .   a - +1 hand crossbow
rCold   . . .      Faith    .   (no shield)
rNeg    . . .      Spirit   .   (body armour currently unavailable)
rPois   +          Reflect  .   (helmet currently unavailable)
rElec   .          Harm     .   (cloak currently unavailable)
rCorr   .          Rampage  .   (gloves currently unavailable)
Will    .....      NoTele   +   (boots currently unavailable)
Stlth   ++++......              (no amulet)
HPRegen 0.19/turn               (no ring)
MPRegen 0.10/turn               (no ring)

@: tree-form
A: stationary, stasis, torment immunity, boosted hp, small, no large weapons,
nightstalker 3
a: no special abilities


You were on level 5 of the Dungeon.
You were a tree.
You visited 1 branch of the dungeon, and saw 5 of its levels.

You collected 199 gold pieces.

Inventory:

Hand Weapons
 a - a +1 hand crossbow (weapon)
 f - a +0 dagger
 v - a +0 hand axe of flaming
Missiles
 c - 125 stones
 e - 5 boomerangs
 o - 9 poisoned darts
Armour
 b - a +1 leather armour (melded)
 j - a +0 cloak (melded)
Jewellery
 u - a ring of fire
Wands
 q - a wand of paralysis (4)
Scrolls
 i - a scroll of fog
 m - a scroll of blinking
Potions
 g - 2 potions of might
 h - 2 potions of brilliance
 k - a potion of resistance {unknown}
 l - a potion of mutation {unknown}
 n - a potion of heal wounds {unknown}
 p - 2 potions of curing {unknown}
 s - a potion of haste {unknown}


   Skills:
 + Level 3.8 Fighting
 + Level 6.5 Crossbows
 + Level 4.2 Dodging
 + Level 4.2 Stealth
 + Level 2.0 Evocations


You had 5 spell levels left.
You didn't know any spells.
Your spell library contained the following spells:

 Spells                   Type           Power      Damage    Failure   Level
 Foxfire                  Conj/Fire      0%         2x1d4     30%         1
 Sublimation of Blood     Necr           0%         N/A       43%         2
 Wereblood                Tmut           0%         N/A       43%         2
 Confusing Touch          Hex            0%         N/A       67%         3
 Conjure Flame            Conj/Fire      0%         6-21      67%         3
 Inner Flame              Hex/Fire       0%         N/A       67%         3
 Flame Wave               Conj/Fire      0%         2d4       97%         4
 Yara's Violent Unravell  Hex/Tmut       0%         3d3       100%        5
 Enfeeble                 Hex            0%         N/A       100%        7
 Summon Hydra             Summ           0%         N/A       100%        7


Dungeon Overview and Level Annotations

Branches:
Dungeon (5/15)
 Temple: D:4-7

Altars:
Elyvilon
Kikubaaqudgha
Xom

Shops:
D:4 =

Annotations:
D:5 exclusion: ogre


Innate Abilities, Weirdness & Mutations

You are a tree.
Your roots penetrate the ground, keeping you stationary.
You cannot be teleported.
You are immune to unholy pain and torment.
Your maximum health is greatly increased.
Your equipment is partially melded.
You are small and have problems with some larger weapons.
You are completely attuned to the shadows.


Message History

The bolt hits the ogre but does no damage.
The ogre is moderately wounded.
The ogre completely misses you.
You shoot a bolt. The bolt hits the ogre.
The ogre is heavily wounded.
The ogre hits you with a +0 giant club!!
Ouch! That really hurt!
You are too injured to fight recklessly!
You are too injured to fight recklessly!
You are too injured to fight recklessly!
Shoot: a) +1 hand crossbow
Press: ? - help, Q - select action, (/) - cycle Shift-Dir - straight line, f/p - ogre
Aim: an ogre, wielding a +0 giant club (heavily wounded, 78% to hit)
You shoot a bolt. The bolt hits the ogre.
The ogre is heavily wounded.
The ogre closely misses you.
Shoot: a) +1 hand crossbow
Press: ? - help, Q - select action, (/) - cycle Shift-Dir - straight line, f/p - ogre
Aim: an ogre, wielding a +0 giant club (heavily wounded, 78% to hit)
You shoot a bolt. The bolt hits the ogre.
The ogre is severely wounded.
The ogre hits you with a +0 giant club!
* * * LOW HITPOINT WARNING * * *
Really quaff the potion of lignification?
You turn into a tree.
Your +0 cloak melds into your body.
Your +1 leather armour melds into your body.
Your roots penetrate the ground.
Shoot: a) +1 hand crossbow
Press: ? - help, Q - select action, (/) - cycle Shift-Dir - straight line, f/p - ogre
Aim: an ogre, wielding a +0 giant club (severely wounded, 78% to hit)
You shoot a bolt. The bolt hits the ogre.
The ogre is almost dead.
The ogre hits you with a +0 giant club.
* * * LOW HITPOINT WARNING * * *
Shoot: a) +1 hand crossbow
Press: ? - help, Q - select action, (/) - cycle Shift-Dir - straight line, f/p - ogre
Aim: an ogre, wielding a +0 giant club (almost dead, 78% to hit)
You shoot a bolt. The bolt barely misses the ogre.
The ogre hits you with a +0 giant club!
You die...

,............# *,,,,,,,,** *
**..........### *,,,,,**,,***
**...........## **#,,,,****,,>,
*,.....###...####..,,,,,,**,,,*
**,.###* ###..#....,,,,,,,,,***
**,** ##......,,,,,,,,,* * *,,*
#......,,,,,,,,,* * ***,,**
##..O...,,,,,,,,,*** ,,,,,,*
##..♣....,,,,,,,,,,** ,,,,,,***
*#..!.####,,,,,,,*,,,,
,,,,,,,,***#..#..#*
***,,******,,
*,,,,,,,,,,.####..# **,* ***
*,****,****,* ##.#* *,* * ,**
*,* *,** *#.* *** ** ,* *,*
**,* *,** *, ** *,* *,* **,* **
* *,* *** ***


You could see an ogre.

Vanquished Creatures
  A scorpion (D:4)
  A human zombie (D:5)
  3 hounds (D:4)
  5 adders
  2 worms
  2 dart slugs
  7 bats
  8 endoplasms
  3 giant cockroaches
  7 hobgoblins
  2 jackals (D:5)
  8 kobolds
  3 quokkas
  4 ball pythons
  5 goblins
  2 rats (D:2)
63 creatures vanquished.

Notes
Turn   | Place    | Note
-------+----------+-------------------------------------------
     0 | D:1      | jfcaron the Kobold Hunter began the quest for the Orb.
     0 | D:1      | Reached XP level 1. HP: 12/12 MP: 1/1
    82 | D:1      | Reached XP level 2. HP: 18/18 MP: 2/2
   585 | D:1      | Reached XP level 3. HP: 22/22 MP: 3/3
   754 | D:1      | Found a faded altar of an unknown god.
  1004 | D:2      | Reached XP level 4. HP: 26/27 MP: 4/4
  1378 | D:2      | Found a shimmering altar of Xom.
  2634 | D:4      | Noticed a scorpion
  2642 | D:4      | Killed a scorpion
  2643 | D:4      | Reached skill level 6 in Crossbows
  2643 | D:4      | Reached skill level 1 in Evocations
  2643 | D:4      | Reached XP level 5. HP: 19/32 MP: 5/5
  3171 | D:4      | Found Toliskeb's Jewellery Shop.
  3284 | D:4      | Reached XP level 6. HP: 23/37 MP: 6/6
  4100 | D:4      | Found a white marble altar of Elyvilon.
  4192 | D:5      | Entered Level 5 of the Dungeon
  4230 | D:5      | Noticed an ogre
  4345 | D:5      | Found an ancient bone altar of Kikubaaqudgha.
  4599 | D:5      | HP: 10/57 [ogre/+0 giant club (6)]
  4600 | D:5      | Slain by an ogre

Illustrated notes

Levels and vault maps discovered:
D:1:      dpeg_arrival_lava_temple_mockup, layout_basic,
          shapermc_ecumenical_altar_venn, kennysheep_nondescript
D:2:      layout_basic, basic_altar, st_stairs_3
D:3:      layout_basic
D:4:      layout_basic, elyvilon_altar_3, serial_shops,
          nicolae_inconvenience_store, minmay_door_square
D:5:      gammafunk_wand_slinger, layout_layer_cave,
          lemuel_mausoleum_altar_kikubaaqudgha

Skill      XL: |  1  2  3  4  5  6 |
---------------+-------------------+-----
Stealth        | 2 3 4 |  4.2
Dodging        | 3 4 |  4.2
Fighting       | 3 |  3.8
Crossbows      | 6 |  6.5
Evocations     | 1 2 |  2.0

Action                   |  1- 3 |  4- 6 || total
-------------------------+-------+-------++-------
 Fire: Hand crossbow     |    85 |   136 ||   221
Throw: Dart              |       |     4 ||     4
  Use: Scroll            |       |    10 ||    10
       Potion            |       |     1 ||     1
Armor: Leather armour    |    18 |    15 ||    33
Dodge: Dodged            |    44 |    71 ||   115

Table legend: (Time is in decaauts)
 A = Elapsed time spent in this place.
 B = Non-inter-level travel time spent in this place.
 C = Inter-level travel time spent in this place.
 D = Time resting spent in this place.
 E = Time spent auto-exploring this place.
 F = Levels seen in this place.
 G = Mean time per level.
                   A        B        C        D        E       F      G
               +--------+--------+--------+--------+--------+-----+--------+
         Total |   4654 |   4472 |    182 |    945 |   2984 |   5 |  930.8 |
       Dungeon |   4654 |   4472 |    182 |    945 |   2984 |   5 |  930.8 |
               +--------+--------+--------+--------+--------+-----+--------+

Top non-repeatable levels by time:
     D:4: 1668 daAuts
     D:2: 927 daAuts
     D:1: 909 daAuts
     D:3: 769 daAuts
     D:5: 379 daAuts
